 Dungeon Crawl Stone Soup version 0.26-a0-850-g97a50ab700 (webtiles) character file.

Game seed: 12802697780096055464

57 miscthings the Ruffian (level 4, -2/35 HPs)
             Began as a Hill Orc Transmuter on Nov 20, 2020.
             Slain by a centaur (8 damage)
             ... on level 2 of the Dungeon.
             The game lasted 00:03:09 (1848 turns).

miscthings the Ruffian (Hill Orc Transmuter)        Turns: 1848, Time: 00:03:10

Health: -2/35      AC:  4    Str: 13    XL:     4   Next: 0%
Magic:  5/6        EV: 12    Int: 19    God:
Gold:   45         SH:  0    Dex: 11    Spells: 5/6 levels left

rFire    . . .     SeeInvis .     - Unarmed
rCold    . . .     Faith    .   (no shield)
rNeg     . . .     Spirit   .   a - +1 robe
rPois    +         Reflect  .   (helmet currently unavailable)
rElec    .         Harm     .   (no cloak)
rCorr    .         Rampage  .   d - +0 pair of gloves
MR       .....                  (boots currently unavailable)
Stlth    +.........             (no amulet)
HPRegen  0.11/turn              b - ring of poison resistance
MPRegen  0.10/turn              g - +6 ring of intelligence

@: appendages
A: horns 2, talons 2
a: End Transformation


You were on level 2 of the Dungeon.
You had grown temporary horns.
You had grown temporary talons.
You visited 1 branch of the dungeon, and saw 2 of its levels.

You collected 45 gold pieces.

Inventory:

Missiles
 k - 11 poisoned darts (quivered)
Armour
 a - a +1 robe (worn)
 d - a +0 pair of gloves (worn)
 i - a +1 robe of the Archmagi
Jewellery
 b - a ring of poison resistance (left hand)
 g - a +6 ring of intelligence (right hand)
Scrolls
 c - a scroll of fear
 f - 3 scrolls of enchant armour
 j - a scroll of remove curse
Potions
 e - a potion of invisibility {unknown}
 h - 2 potions of haste


   Skills:
 - Level 1.2 Fighting
 - Level 1.5 Dodging
 - Level 3.2 Unarmed Combat
 - Level 1.5 Spellcasting
 + Level 3.1 Transmutations


You had 5 spell levels left.
You knew the following spells:

 Your Spells              Type           Power        Failure   Level
a - Beastly Appendage     Tmut           ##....       4%          1

Your spell library contained the following spells:

 Spells                   Type           Power        Failure   Level
 Wereblood                Tmut           ##......     8%          2
 Spider Form              Tmut/Pois      #.........   28%         3
 Ice Form                 Ice/Tmut       #.......     67%         4
 Blade Hands              Tmut           ##........   80%         5


Dungeon Overview and Level Annotations

Branches:
Dungeon (2/15)

Altars:
Uskayaw


Innate Abilities, Weirdness & Mutations

You have a pair of horns on your head.
You have razor-sharp toenails.


Message History

The centaur is moderately wounded.
The centaur misses you.
You barely miss the centaur. Your kick misses the centaur.
You headbutt the centaur.
The centaur is heavily wounded.
The centaur misses you.
The kobold throws a stone.
The stone hits you but does no damage. The centaur hits you!
You hit the centaur but do no damage.
The centaur is heavily wounded.
The centaur hits you.
The kobold throws a stone.
The stone hits you but does no damage.
You hit the centaur but do no damage. Your kick misses the centaur.
The centaur is heavily wounded.
The centaur closely misses you.
The kobold throws a stone.
The stone barely misses you. The centaur hits you.
* * * LOW HITPOINT WARNING * * *
You barely miss the centaur.
The centaur is heavily wounded.
The kobold throws a stone.
The stone closely misses you. The centaur hits you!
You die...

*,,,....#?......,,,,,,,,+...
*,,,,...#....).#*,,,,,,,#...
*,,,,,..#......#*,,,,,,,#...
*,**,*#........#*,,,,,,,#...
*,**,*#........#********#...
*,**,*#........* #...
*,**,*#..?..#*** ####
**#+##,*#..Kc.# ***####
*,.....##...(@#########*<,....
*,..........(>.(.......,,.....
*,.....##....##########**#####
*,........#### **.#.#.##.# #
*.#....#.##### #
*............# #
*............# #### ##
*............# ##..###.


You could see a centaur and a kobold.

Vanquished Creatures
  An adder (D:2)
  2 dart slugs (D:1)
  6 bats
  2 giant cockroaches (D:1)
  5 goblins
  8 hobgoblins
  3 jackals (D:1)
  4 frilled lizards
  5 kobolds
  4 rats
40 creatures vanquished.

Notes
Turn   | Place    | Note
-------+----------+-------------------------------------------
     0 | D:1      | miscthings the Hill Orc Transmuter began the quest for the
                  | Orb.
     0 | D:1      | Reached XP level 1. HP: 16/16 MP: 3/3
    79 | D:1      | Reached XP level 2. HP: 12/23 MP: 2/4
   524 | D:1      | Reached XP level 3. HP: 19/28 MP: 3/5
  1720 | D:2      | Found a hide-covered altar of Uskayaw.
  1801 | D:2      | Reached XP level 4. HP: 31/35 MP: 6/6
  1835 | D:2      | Noticed a centaur
  1848 | D:2      | Slain by a centaur

Illustrated notes

Levels and vault maps discovered:
D:1:      dpeg_arrival_snail, layout_basic, serial_bayou_lake_a
D:2:      layout_basic, marbit_many_paths

Skill      XL: |  1  2  3 |
---------------+----------+-----
Transmutations | 2 3 |  3.1
Fighting       | |  1.2
Dodging        | |  1.5
Unarmed Combat | |  3.2
Spellcasting   | |  1.5

Action                   |  1- 3 |  4- 6 || total
-------------------------+-------+-------++-------
Melee: Unarmed           |   134 |     6 ||   140
       Kick              |    14 |       ||    14
       Headbutt          |     8 |     2 ||    10
       Punch             |     1 |       ||     1
 Cast: Beastly Appendage |    18 |     1 ||    19
  Use: Scroll            |     6 |       ||     6
 Stab: Sleeping          |     1 |       ||     1
Armor: Robe              |    24 |     1 ||    25
Dodge: Dodged            |   115 |     9 ||   124

Table legend: (Time is in decaauts)
 A = Elapsed time spent in this place.
 B = Non-inter-level travel time spent in this place.
 C = Inter-level travel time spent in this place.
 D = Time resting spent in this place.
 E = Time spent auto-exploring this place.
 F = Levels seen in this place.
 G = Mean time per level.
                   A        B        C        D        E       F      G
               +--------+--------+--------+--------+--------+-----+--------+
         Total |   1866 |   1795 |     71 |    490 |    777 |   2 |  933.0 |
       Dungeon |   1866 |   1795 |     71 |    490 |    777 |   2 |  933.0 |
               +--------+--------+--------+--------+--------+-----+--------+

Top non-repeatable levels by time:
     D:1: 1161 daAuts
     D:2: 704 daAuts
